← All builds
Suicide front / Legion / Quick factory / OBSERVED BUILD

Standard suicide front

Quick Bot Lab into Vehicle Plant to project force at middle early with Ballista, Satyr, Decurion and Lance, transitioning into Barrage artillery and an Advanced Metal Extractor as the game develops.

#rush #raid · 27 distinct matches · 15 players · 78% of Legion Suicide front games · team won 50% of 28 · Recently observed

HOW TO PLAY IT

Key timing: Legion Vehicle Plant by 1:01

  1. Take a single mex and rush the bot lab immediately.
  2. Finish the bot lab fast to start early Decurion or Ballista pushes.
  3. Get the vehicle plant up to widen unit options for the front.
  4. Contest the middle early and expect combat losses right away.
  5. Pick up T2 constructor once middle is stabilized to prep for T2 arrivals.

Phase by phase

TYPICAL OF ITS 27 GAMES
  1. 1
  2. 2
  3. 3
PLAY THE OPENING

Follow the example game's first 6:00 step by step: what to build now, what comes next, and where it goes. At 1× it keeps pace with your own game.

  1. 1

    Up to the Legion Bot Lab

    Economy
    • Metal Extractor2Mex
    Order
    1. Legion Bot LabLegion Bot Lab after 2 mexdone ~0:34, middle half 0:24–0:35

    By 0:17 in all: 2 mex

    The example game in this phase · 2 steps
    1. Mex ×2
    2. Legion Bot LabLegion Bot Labdone 0:34 · typical 0:34
  2. 2

    Legion Bot Lab to 5:00

    Economy
    • Metal Extractor5Mex
    • Wind Turbine8Wind
    Builders
    • Construction Turret1 Con turret
    • Legion Construction Bot3 Legion Construction Bot
    • Zagreus2 Zagreus
    Army
    • Pharos4 Pharos
    Other
    • Radar Tower1 Radar Tower

    Some games also: Ballista (43%) · Goblin (39%) · Satyr (36%) · Legion Construction Vehicle (32%)

    By 5:00 in all: 6 mex · 9 wind · 1 con turret

    The example game in this phase · 36 steps
    1. Legion Construction BotLegion Construction Bot
    2. Wind
    3. Legion Construction BotLegion Construction Bot
    4. Mex
    5. ZagreusZagreus
    6. PharosPharos
    7. KarkinosKarkinos
    8. Wind
    9. Mex
    10. ZagreusZagreus
    11. PharosPharos
    12. Wind
    13. KarkinosKarkinos
    14. Wind
    15. Mex
    16. Legion Construction BotLegion Construction Bot
    17. Radar TowerRadar Tower
    18. Legion Construction BotLegion Construction Bot
    19. Wind
    20. BallistaBallista ×2
    21. Wind
    22. BallistaBallista ×3
    23. Wind
    24. BallistaBallista
    25. Dragon's TeethDragon's Teeth
    26. BallistaBallista
    27. Dragon's TeethDragon's Teeth ×4
    28. BallistaBallista
    29. Wind
    30. BallistaBallista ×3
    31. Wind
    32. BallistaBallista
    33. Dragon's TeethDragon's Teeth
    34. BallistaBallista
    35. Con turret
    36. BallistaBallista ×3
  3. 3

    5:00 to 10:00

    Economy
    • Metal Extractor2Mex
    • Wind Turbine17Wind
    • Energy Storage1Energy storage
    Builders
    • Construction Turret2 Con turret

    Some games also: Zagreus (50%) · Radar Tower (46%) · Ballista (39%) · converter (36%) · Goblin (36%)

    By 10:00 in all: 8 mex · 25 wind · 1 energy storage · 4 con turret

    The example game in this phase · 65 steps
    1. BallistaBallista ×4
    2. Radar TowerRadar Tower
    3. BallistaBallista
    4. Wind
    5. BallistaBallista
    6. Wind
    7. BallistaBallista ×2
    8. ZagreusZagreus
    9. Wind
    10. ZagreusZagreus
    11. Wind
    12. ZagreusZagreus ×2
    13. GoblinGoblin ×4
    14. ZagreusZagreus
    15. BallistaBallista ×7
    16. Dragon's TeethDragon's Teeth
    17. Advanced Metal ExtractorT2 mexdone 9:55 · typical 9:00
    18. Dragon's TeethDragon's Teeth
    19. BallistaBallista
    20. Dragon's TeethDragon's Teeth ×5
    21. BallistaBallista ×3
    22. Mex
    23. BallistaBallista
    24. GoblinGoblin ×5
    25. Advanced Metal ExtractorT2 mex
    26. GoblinGoblin ×3
    27. Dragon's TeethDragon's Teeth
    28. GoblinGoblin
    29. Dragon's TeethDragon's Teeth
    30. GoblinGoblin
    31. Dragon's TeethDragon's Teeth ×3
    32. GoblinGoblin
    33. Dragon's TeethDragon's Teeth ×2
    34. GoblinGoblin
    35. Dragon's TeethDragon's Teeth
    36. GoblinGoblin
    37. Dragon's TeethDragon's Teeth
    38. GoblinGoblin ×6
    39. PhobosPhobos
    40. Advanced Metal ExtractorT2 mex
    41. PhobosPhobos
    42. GoblinGoblin
    43. PharosPharos
    44. GoblinGoblin ×3
    45. BrambleBramble
    46. GoblinGoblin ×3
    47. BrambleBramble
    48. GoblinGoblin ×8
    49. RattlesnakeRattlesnakedone 12:33
    50. GoblinGoblin ×5
    51. Dragon's TeethDragon's Teeth
    52. GoblinGoblin
    53. Dragon's TeethDragon's Teeth
    54. ZagreusZagreus
    55. Dragon's TeethDragon's Teeth ×3
    56. ZagreusZagreus
    57. Dragon's TeethDragon's Teeth
    58. ZagreusZagreus ×3
    59. GoblinGoblin ×2
    60. Advanced Metal ExtractorT2 mex
    61. GoblinGoblin ×2
    62. Legion Construction BotLegion Construction Bot ×2
    63. GoblinGoblin ×5
    64. RattlesnakeRattlesnake
    65. GoblinGoblin ×19

Counts are medians over the build's games: half of them build more, half fewer. The example game is xabre's (49 OS, 26/09/2026); pick another.

Team trades

IN AT LEAST 30% OF ITS GAMES

You hand over

Nothing regular.

You get

  • Tidal Generator4 Tidal from Pondfirst at 0:11 · in 64% of games
  • Advanced Construction Bot1 T2 con bot from Geo or Techfirst at 7:12 · in 50% of games

How it plays out

Typical game of this build, running totals by minute

Metal produced

010k20k30k
0:005:0010:0015:00

metal

Enemy metal destroyed

05k10k
0:005:0010:0015:00

metal

Own metal lost

05k10k
0:005:0010:0015:00

metal

28 games.

Show as table
ByMetal produced: This buildEnemy metal destroyed: This buildOwn metal lost: This build
1:0029900
2:0090700
3:00208220350
4:003209484290
5:0043301154788
6:00531918041285
7:00633425412361
8:00755837693560
9:00887143784251
10:001049947444932
11:001232249825640
12:001458453036112
13:001742860647159
14:002039473717635
15:002406488208370
WHAT THE NUMBERS SAY

Suicide front trades heavily, destroying more enemy metal early than any other role shown but also losing the most, reflecting its all-in nature.

  • + Enemy metal destroyed hits 1253 by 5:00, far ahead of other roles at that mark.
  • + Metal produced by 5:00 reaches 4185, among the highest early figures.
  • − Own metal lost reaches 5320 by 10:00, the heaviest losses of any build shown.
  • − Team win rate is only 48%, despite the aggressive early trades.
THE EXAMPLE YOU ARE READING

xabre

48.5 OS · 26/09/2026

Open source match ↗

22 received units · includes a constructor
767 metal received · 12509 energy received

Allied construction assistance is unknown. Timings are observations, not a promise of solo reproducibility.

Typical milestones

Legion Bot Lab0:34Middle 50%: 0:24–0:35 · n=19
Legion Vehicle Plant1:01Middle 50%: 0:36–6:33 · n=16
Advanced Metal Extractor9:00Middle 50%: 8:21–9:50 · n=14

Played most by

_X_7games of this build[crd]sisa4games of this build[Cookie]Maco2games of this buildHummell2games of this buildxabre2games of this build